 Dungeon Crawl Stone Soup version 0.25-b1-46-gb8a1ec05df (webtiles) character file.

Game seed: 5714963539204121966

(classic levelgen) 2618 EnegeticOcto the Cleaver (level 9, -2/69 HPs)
             Began as a Vampire Fighter on June 9, 2020.
             Was an Initiate of Gozag.
             Slain by a yak (8 damage)
             ... on level 7 of the Dungeon.
             The game lasted 00:07:42 (6742 turns).

EnegeticOcto the Cleaver (Vampire Fighter)          Turns: 6742, Time: 00:07:43

Health: -2/69      AC:  9    Str: 18    XL:     9   Next: 34%
Magic:  0/11       EV:  7    Int: 11    God:    Gozag
Gold:   776        SH: 11    Dex: 19    Spells: 8/8 levels left

rFire    . . .     SeeInvis +   a - +0 war axe
rCold    . . .     Gourm    .   c - +1 kite shield
rNeg     . . .     Faith    .   b - +0 scale mail
rPois    .         Spirit   +   (no helmet)
rElec    .         Reflect  .   E - scarf {+Inv}
rCorr    .         Harm     .   q - +0 pair of gloves
MR       .....                  k - +1 pair of boots
Stlth    ..........             A - amulet of guardian spirit
HPRegen  0.41/turn              g - +6 ring of dexterity
MPRegen  0.12/turn              (no ring)

@: very slightly contaminated, regenerating quickly, lightly drained
A: no food, fangs 3, see invisible, unbreathing
a: Exsanguinate, Potion Petition, Call Merchant, Bribe Branch, Renounce
Religion, Evoke Invisibility


You were on level 7 of the Dungeon.
You worshipped Gozag.
Gozag was pleased with you.
You were alive.

You visited 2 branches of the dungeon, and saw 8 of its levels.

You collected 821 gold pieces.
You paid 45 gold pieces to Gozag.

Inventory:

Hand Weapons
 a - a +0 war axe (weapon)
Missiles
 m - 11 boomerangs (quivered)
 n - 49 poisoned darts
 p - 7 boomerangs of dispersal
Armour
 b - a +0 scale mail (worn)
 c - a +1 kite shield (worn)
 k - a +1 pair of boots (worn)
 q - a +0 pair of gloves (worn)
 E - a scarf of invisibility (worn)
Jewellery
 g - a +6 ring of dexterity (left hand)
 A - an amulet of guardian spirit (around neck)
Wands
 d - a wand of paralysis (4)
 s - a wand of digging (2) {@v3}
 y - a wand of polymorph (27)
Scrolls
 i - a scroll of blinking {unknown}
 j - a scroll of enchant weapon {unknown}
 o - a scroll of random uselessness {unknown}
 r - a scroll of fog {unknown}
 x - a scroll of remove curse {unknown}
 C - a scroll of vulnerability {unknown}
 D - 2 scrolls of enchant armour
 F - a scroll of noise {unknown}
 G - a scroll of identify {@r1}
Potions
 e - 2 potions of haste {@q4 !q}
 f - 2 potions of cancellation
 h - a potion of ambrosia
 l - 3 potions of curing {@q1 !q}
 t - 2 potions of heal wounds {@q2 !q}
 u - a potion of flight {unknown}
 v - 2 potions of lignification {unknown}
 w - a potion of mutation {unknown}
 z - a potion of degeneration {unknown}
 B - a potion of resistance {unknown}


   Skills:
 + Level 6.1(5.8) Fighting
 * Level 8.0(7.6) Axes
 - Level 2.4(2.0) Armour
 + Level 5.8(5.4) Shields
 + Level 3.9(3.6) Evocations


You had 8 spell levels left.
You didn't know any spells.
Your spell library contained the following spells:

 Spells                   Type           Power        Failure   Level  Hunger
 Animate Skeleton         Necr           N/A          98%         1    N/A
 Apportation              Tloc           #.....       98%         1    N/A
 Corona                   Hex            #......      98%         1    N/A
 Shock                    Conj/Air       #...         98%         1    N/A
 Summon Small Mammal      Summ           #...         98%         1    N/A
 Ensorcelled Hibernation  Hex/Ice        #.....       99%         2    N/A
 Swiftness                Chrm/Air       #.......     99%         2    N/A
 Confusing Touch          Hex            #.......     100%        3    N/A
 Dazzling Flash           Conj/Hex       #.....       100%        3    N/A
 Static Discharge         Conj/Air       #.......     100%        3    N/A
 Tukima's Dance           Hex            #.......     100%        3    N/A
 Airstrike                Air            #.........   100%        4    N/A
 Lightning Bolt           Conj/Air       #.........   100%        5    N/A

Dungeon Overview and Level Annotations

Branches:
Dungeon (7/15)             Temple (1/1) D:4

Altars:
Ashenzari
Cheibriados
Dithmenos
Elyvilon
Fedhas
Gozag
Hepliaklqana
Kikubaaqudgha
Makhleb
Nemelex Xobeh
Okawaru
Qazlal
Ru
Sif Muna
Trog
Uskayaw
Vehumet
Wu Jian
Xom
Yredelemnul
Zin
The Shining One


Innate Abilities, Weirdness & Mutations

You do not eat.
Your natural rate of healing is unusually fast.
You have razor-sharp teeth.
You have supernaturally acute eyesight. (SInv)
You can survive without breathing.


Message History

Aiming: Paralyse
Press: ? - help, Shift-Dir - straight line, f/p - komodo dragon
Aim: a komodo dragon (chance to defeat MR: 35%)
The komodo dragon easily resists.
The komodo dragon bites you!
Evoke which item? (* to show all) (? for menu, Esc to quit)
Aiming: Paralyse
Press: ? - help, Shift-Dir - straight line, f/p - komodo dragon
Aim: a komodo dragon (chance to defeat MR: 35%)
The komodo dragon suddenly stops moving!
The helpless komodo dragon fails to defend itself.
You slash the komodo dragon!
The komodo dragon is moderately wounded.
The helpless komodo dragon fails to defend itself.
You slash the komodo dragon!
The komodo dragon is heavily wounded.
The helpless komodo dragon fails to defend itself.
You slash the komodo dragon!
The komodo dragon is severely wounded.
The helpless komodo dragon fails to defend itself.
You slash the komodo dragon!
You kill the komodo dragon!
You now have 776 gold pieces (gained 14).
An orc warrior comes into view. It is wielding a +0 scimitar.
The orc warrior shouts!
A yak comes into view.
You block the orc warrior's attack.
Keep bloodletting? [Y]es or [N]o only, please.
Keep bloodletting? [Y]es or [N]o only, please.
Keep bloodletting?
You stop emptying yourself of blood.
Unknown command.
You fade into invisibility!
You are very lightly contaminated with residual magic.
The yak bellows!
The yak bellows!
The yak gores you!
The orc warrior hits you with a +0 scimitar.
You strike the helpless orc warrior from behind!
You hit the orc warrior.
The orc warrior is moderately wounded.
You barely miss the yak. The yak gores you but does no damage.
You block the orc warrior's attack.
You hit the orc warrior but do no damage.
The orc warrior is moderately wounded.
You hit the yak. You block the yak's attack.
The orc warrior hits you with a +0 scimitar.
You block the yak's attack.
You slash the orc warrior!
You bite the orc warrior, but do no damage.
The orc warrior is heavily wounded.
You barely miss the yak.
The orc warrior hits you but does no damage.
The yak closely misses you.
You barely miss the orc warrior.
The orc warrior is heavily wounded.
You completely miss the yak. You block the yak's attack.
The orc warrior hits you with a +0 scimitar!!
You slash the orc warrior!
The orc warrior is almost dead.
You hit the yak but do no damage. The yak gores you!
The orc warrior barely misses you.
You are too injured to fight recklessly!
You are too injured to fight recklessly!
You are too injured to fight recklessly!
You hit the orc warrior.
You kill the orc warrior!
Your base Axes skill increases to level 8!
You hit the yak but do no damage.
You flicker for a moment.
You block the yak's attack.
You hit the yak but do no damage. Your bite misses the yak.
The yak is lightly wounded.
The yak gores you!
You slash the yak!
The yak is moderately wounded.
The yak gores you but does no damage. The yak gores you!
* * * LOW HITPOINT WARNING * * *
You slash the yak! You bite the yak.
The yak is severely wounded.
You block the yak's attack.
You closely miss the yak. You bite the yak.
The yak is almost dead.
You flicker back into view.
You block the yak's attack.
You hit the yak but do no damage. You bite the yak.
The yak is almost dead.
You block the yak's attack.
You hit the yak.
The yak is almost dead.
The yak gores you!
* * * LOW HITPOINT WARNING * * *
You barely miss the yak. You bite the yak, but do no damage.
The yak is almost dead.
The yak gores you!
* * * LOW HITPOINT WARNING * * *
The yak gores you!
You die...
Your body crumbles into a pile of gold.

##.## ## ########
##..... #..# .##. ###
##...... ...# ..#
#.## ##....... ...#
#$#.#..###........
..##
####..##....#........
.##
#.#.##.#.##..........
.# $#.##
#####......... ##
######.####
#.#....... #
####..##..Y@.#
##.#....... #
####...########.#
#..##......
###....### #.#
#.###...... ....####
#.# #.# #...... ..###
#.#####.# ##..... .##
### #......## ##....
.# #.# ######.# ##...
.## #.## ##.# ##..
..# ##.# #.#######
##.


You could see a yak.

Vanquished Creatures
  Pikel (D:7)
  A komodo dragon (D:7)
  Sigmund (D:3)
  Menkaure (D:7)
  An orc warrior (D:7)
  3 slaves (D:7)
  A sky beast (D:6)
  An ogre (D:6)
  A phantom (D:5)
  A centaur (D:6)
  A wyvern skeleton (D:6)
  A scorpion (D:5)
  5 wights (D:7)
  3 crimson imps
  A centaur zombie (D:7)
  A quasit (D:6)
  A jelly (D:7)
  A centaur skeleton (D:7)
  3 orc priests
  2 iguanas
  7 orc wizards
  3 worker ants
  A hound zombie (D:5)
  A worker ant zombie (D:5)
  10 adders
  2 oozes
  3 worms
  3 dart slugs
  4 leopard geckos
  22 orcs
  6 bats
  5 giant cockroaches
  7 goblins
  8 hobgoblins
  5 jackals
  2 quokkas
  2 ball pythons (D:1)
  5 frilled lizards
  9 kobolds
  A quokka zombie (D:5)
  7 rats
144 creatures vanquished.

Vanquished Creatures (others)
  6 plants (D:7)
6 creatures vanquished.

Grand Total: 150 creatures vanquished

Notes
Turn   | Place    | Note
-------+----------+-------------------------------------------
     0 | D:1      | EnegeticOcto the Vampire Fighter began the quest for the
                  | Orb.
     0 | D:1      | Reached XP level 1. HP: 17/17 MP: 1/1
   114 | D:1      | Reached skill level 2 in Axes
   158 | D:1      | Reached XP level 2. HP: 23/23 MP: 2/2
   280 | D:1      | Reached skill level 3 in Fighting
   515 | D:1      | Reached XP level 3. HP: 21/29 MP: 3/3
   862 | D:2      | Reached skill level 3 in Axes
  1022 | D:2      | Reached XP level 4. HP: 19/35 MP: 4/4
  1088 | D:2      | Found a hazy altar of Hepliaklqana.
  1350 | D:2      | Reached skill level 3 in Shields
  2231 | D:3      | Reached XP level 5. HP: 41/41 MP: 5/5
  2427 | D:3      | Found a stormy altar of Qazlal.
  2428 | D:3      | Noticed a water elemental
  2428 | D:3      | Noticed an air elemental
  2428 | D:3      | Noticed a fire elemental
  2517 | D:3      | Noticed Sigmund
  2588 | D:3      | Killed Sigmund
  2588 | D:3      | Reached skill level 4 in Fighting
  2588 | D:3      | Reached skill level 4 in Axes
  2588 | D:3      | Reached XP level 6. HP: 45/48 MP: 6/6
  2930 | D:4      | Found a staircase to the Ecumenical Temple.
  2943 | Temple   | Entered the Ecumenical Temple
  2987 | Temple   | Became a worshipper of Gozag Ym Sagoz the Greedy
  3446 | D:4      | Got a crude spear
  3482 | D:4      | Reached skill level 5 in Axes
  3497 | D:4      | Reached skill level 4 in Shields
  3851 | D:4      | Found a basalt altar of Yredelemnul.
  3875 | D:5      | Entered Level 5 of the Dungeon
  3901 | D:5      | Reached XP level 7. HP: 55/55 MP: 7/7
  4477 | D:5      | Reached skill level 1 in Evocations
  4934 | D:5      | Identified the cursed +0 spear of Melee {freeze, rPois
                  | rN++} (You found it on level 4 of the Dungeon)
  5038 | D:6      | Reached skill level 5 in Fighting
  5038 | D:6      | Reached skill level 6 in Axes
  5117 | D:6      | Reached XP level 8. HP: 60/62 MP: 9/9
  5161 | D:6      | Reached skill level 2 in Evocations
  5718 | D:6      | Found a sparkling altar of Nemelex Xobeh.
  5721 | D:6      | Found an iron altar of Okawaru.
  5752 | D:6      | Found a shattered altar of Ashenzari.
  5864 | D:7      | Noticed Pikel
  5881 | D:7      | Paralysed by Pikel for 2 turns
  5888 | D:7      | Killed Pikel
  5888 | D:7      | Reached skill level 7 in Axes
  5888 | D:7      | Reached skill level 5 in Shields
  5888 | D:7      | Reached skill level 3 in Evocations
  6003 | D:7      | Noticed Menkaure
  6025 | D:7      | Killed Menkaure
  6041 | D:7      | Found an ancient bone altar of Kikubaaqudgha.
  6144 | D:7      | Found a blossoming altar of Fedhas.
  6240 | D:7      | Reached XP level 9. HP: 57/69 MP: 7/11
  6451 | D:7      | Reached skill level 6 in Fighting
  6674 | D:7      | Noticed a komodo dragon
  6685 | D:7      | Killed a komodo dragon
  6730 | D:7      | Reached skill level 8 in Axes
  6742 | D:7      | Slain by a yak

Illustrated notes

Levels and vault maps discovered:
D:1:      evilmike_arrival_crescent, layout_loops_ring, grunt_decor_fettered
D:2:      layout_loops_corners, nicolae_overflow_crystal_walls, first_ration
D:3:      layout_basic, nicolae_qazlal_style_of_elements, uniq_sigmund
D:4:      corexii_shack_village, layout_loops_ring, kennysheep_mini_moat,
          minmay_temple_entry_offerings
D:5:      cheibrodos_quashed, layout_loops_corners
D:6:      layout_loops_ring, grunt_temple_overflow_diamond
D:7:      minmay_cornered_nines, layout_cave_pods,
          grunt_temple_overflow_growth_and_decay, minmay_lizard_king,
          uniq_menkaure, uniq_pikel
Temple:   nicolae_temple_great_sept

Skill      XL: |  1  2  3  4  5  6  7  8  9 |
---------------+----------------------------+-----
Axes           | 2 3 4 5 6 7 8 |  8.0
Fighting       | 3 4 5 6 |  6.1
Shields        | 3 4 5 |  5.8
Evocations     | 1 3 |  3.9
Armour         | |  2.4

Action                   |  1- 3 |  4- 6 |  7- 9 || total
-------------------------+-------+-------+-------++-------
Melee: War axe           |   108 |   215 |   306 ||   629
       Bite              |     8 |    18 |    47 ||    73
Throw: Boomerang         |       |    10 |       ||    10
 Abil: Evoke Invisibilit |       |       |     3 ||     3
       Exsanguinate      |       |       |     1 ||     1
Evoke: Wand              |       |       |     3 ||     3
  Use: Scroll            |     1 |     6 |     3 ||    10
       Potion            |       |       |     1 ||     1
 Stab: Invisible         |       |       |     8 ||     8
       Paralysed         |       |       |     4 ||     4
Armor: Scale mail        |    39 |   107 |   106 ||   252
Dodge: Dodged            |    24 |    49 |    71 ||   144
Block: Kite shield       |    71 |   115 |   173 ||   359
